 Dungeon Crawl Stone Soup version 0.29-a0-330-g52719c12eb (webtiles) character file.

Game seed: 8144719995759907496

489 Aelig the Chopper (level 6, -18/47 HPs)
             Began as a Mummy Fighter on May 16, 2022.
             Demolished by an ogre
             ... wielding a +0 giant club
              (31 damage)
             ... on level 4 of the Dungeon.
             The game lasted 00:06:08 (3766 turns).

Aelig the Chopper (Mummy Fighter)                   Turns: 3766, Time: 00:06:08

Health: -18/47     AC:  9    Str: 21    XL:     6   Next: 90%
Magic:  6/6        EV:  9    Int:  7    God:
Gold:   217        SH:  9    Dex: 12    Spells: 5/5 levels left

rFire   x . .      SeeInvis +   a - +0 war axe
rCold   + . .      Faith    .   c - +0 buckler
rNeg    + + +      Spirit   .   b - +0 scale mail
rPois   ∞          Reflect  +   (no helmet)
rElec   .          Harm     .   g - +0 cloak
rCorr   .          Rampage  .   j - +0 pair of gloves {Stlth+}
Will    .....                   h - +0 pair of boots
Stlth   +.........              p - amulet of reflection
HPRegen 0.15/turn               t - ring of see invisible
MPRegen 0.10/turn               (no ring)

@: no status effects
A: cold resistance 1, negative energy resistance 3, torment resistance 2, heat
vulnerability 1, in touch with death 1, no potions
a: no special abilities


You were on level 4 of the Dungeon.
You visited 1 branch of the dungeon, and saw 5 of its levels.

You collected 217 gold pieces.

Inventory:

Hand Weapons
 a - a +0 war axe (weapon)
Missiles
 d - 163 stones (quivered)
Armour
 b - a +0 scale mail (worn)
 c - a +0 buckler (worn)
 g - a +0 cloak (worn)
 h - a +0 pair of boots (worn)
 j - a +0 pair of gloves of stealth (worn)
Jewellery
 p - an amulet of reflection (around neck)
 t - a ring of see invisible (left hand)
Scrolls
 e - 3 scrolls of teleportation
 f - a scroll of noise {unknown}
 i - a scroll of silence
 k - a scroll of brand weapon {unknown}
 l - a scroll of magic mapping {unknown}
 m - a scroll of summoning {unknown}
 n - 2 scrolls of fog
 o - 2 scrolls of enchant weapon
 q - a scroll of enchant armour
 r - a scroll of holy word {unknown}
 s - 2 scrolls of blinking


   Skills:
 - Level 3.0 Fighting
 + Level 6.2 Axes
 - Level 2.4 Armour
 - Level 2.4 Shields


You had 5 spell levels left.
You didn't know any spells.
Your spell library contained the following spells:

 Spells                   Type           Power      Damage    Failure   Level
 Apportation              Tloc           0%         N/A       86%         1
 Alistair's Intoxication  Tmut/Pois      0%         N/A       100%        5


Dungeon Overview and Level Annotations

Branches:
Dungeon (5/15)             Temple (0/1) D:4

Altars:

Shops:
D:1 *


Innate Abilities, Weirdness & Mutations

You are immune to poison.
Your flesh is cold resistant. (rC+)
You are immune to negative energy. (rN+++)
You are immune to unholy pain and torment.
You are vulnerable to heat. (rF-)
You are in touch with the powers of death.
You do not drink.


Message History

Done exploring.
Done exploring.
You see here a hound skeleton.
There is a shaft here.
There is a stone staircase leading down here.
Unknown command.
There is a stone staircase leading down here.
You climb downwards.
The orc shouts!
You block the ogre's attack.
The orc throws a boomerang.
You reflect the boomerang off an invisible shield around you!
The boomerang hits the orc.
You block the orc's attack.
The orc hits you with a +0 mace of venom.
There is a stone staircase leading up here.
The ogre hits you with a +0 giant club!!
The orc hits you with a +0 mace of venom.
You climb upwards.
There is a stone staircase leading down here.
The orc hits you but does no damage. The ogre attacks as you move away!
The ogre closely misses you.
You hit the orc.
The orc is severely wounded.
You block the orc's attack. You block the ogre's attack.
You barely miss the ogre. You slash the orc!
You kill the orc!
You slash the ogre!
The ogre is heavily wounded.
You block the ogre's attack.
You barely miss the ogre.
The ogre is heavily wounded.
The ogre hits you with a +0 giant club!
* * * LOW HITPOINT WARNING * * *
You slash the ogre!
The ogre is almost dead.
You block the ogre's attack.
You hit the ogre.
The ogre is almost dead.
The ogre hits you with a +0 giant club!!
Ouch! That really hurt!
You die...

##'######.........
#.................
#.................
#......##.......##
#......##.......##
#########................
##......##.>...##.......##
#.......##).÷..##.......##
#........@O...............
#..............##.......##
#..............##.......##
##..............#.........
##.....†##.....##.........
#.......##.....##.......##
##......##..............##
##########................
#.........................


You could see an ogre.

Vanquished Creatures
  A black bear (D:4)
  A phantom (D:5)
  4 hounds (D:4)
  An orc wizard (D:5)
  An iguana (D:4)
  6 adders
  A worm (D:2)
  2 dart slugs (D:1)
  2 orcs
  10 ball pythons
  10 endoplasms
  8 giant cockroaches
  7 goblins
  7 hobgoblins
  3 jackals (D:3)
  4 quokkas
  6 bats
  9 kobolds
  4 rats
87 creatures vanquished.

Notes
Turn   | Place    | Note
-------+----------+-------------------------------------------
     0 | D:1      | Aelig the Mummy Fighter began the quest for the Orb.
     0 | D:1      | Reached XP level 1. HP: 18/18 MP: 1/1
   125 | D:1      | Found Tyqer's Assorted Antiques.
   207 | D:1      | Reached skill level 2 in Axes
   260 | D:1      | Reached XP level 2. HP: 21/24 MP: 2/2
   794 | D:1      | Gained mutation: You are in touch with the powers of death.
                  | [Mummy growth]
   794 | D:1      | Reached XP level 3. HP: 29/29 MP: 3/3
  1157 | D:2      | Found a faded altar of an unknown god.
  1222 | D:2      | Reached skill level 3 in Axes
  2033 | D:2      | Reached XP level 4. HP: 30/35 MP: 4/4
  2386 | D:3      | Reached skill level 4 in Axes
  2853 | D:4      | Found a staircase to the Ecumenical Temple.
  2888 | D:4      | Reached XP level 5. HP: 36/41 MP: 5/5
  3273 | D:4      | Reached skill level 5 in Axes
  3365 | D:4      | Reached XP level 6. HP: 43/47 MP: 6/6
  3415 | D:5      | Entered Level 5 of the Dungeon
  3523 | D:4      | Reached skill level 6 in Axes
  3766 | D:4      | Demolished by an ogre

Illustrated notes

Levels and vault maps discovered:
D:1:      dpeg_arrival_prison, layout_loops_ring, serial_shops,
          nicolae_diamond_shop
D:2:      kennysheep_six_static_rooms, layout_loops_ring,
          nicolae_ecumenical_pavilion
D:3:      layout_loops_ring, minmay_stone_trees_small, minmay_distorted
D:4:      layout_gridville, minmay_temple_entry_from_below_a
D:5:      layout_rooms, mainiacjoe_overflow_24_doors, serial_park_tiny_pond,
          uniq_blork_the_orc, uniq_ijyb

Skill      XL: |  1  2  3  4  5  6 |
---------------+-------------------+-----
Axes           | 2 3 4 5 6 |  6.2
Fighting       | |  3.0
Armour         | |  2.4
Shields        | |  2.4

Action                   |  1- 3 |  4- 6 || total
-------------------------+-------+-------++-------
Melee: War axe           |   109 |   138 ||   247
  Use: Scroll            |       |     6 ||     6
Armor: Scale mail        |    53 |    59 ||   112
Dodge: Dodged            |    48 |    60 ||   108
Block: Buckler           |    29 |    58 ||    87
       Reflection        |       |     1 ||     1

Table legend: (Time is in decaauts)
 A = Elapsed time spent in this place.
 B = Non-inter-level travel time spent in this place.
 C = Inter-level travel time spent in this place.
 D = Time resting spent in this place.
 E = Time spent auto-exploring this place.
 F = Levels seen in this place.
 G = Mean time per level.
                   A        B        C        D        E       F      G
               +--------+--------+--------+--------+--------+-----+--------+
         Total |   3857 |   3692 |    165 |    256 |   2443 |   5 |  771.4 |
       Dungeon |   3857 |   3692 |    165 |    256 |   2443 |   5 |  771.4 |
               +--------+--------+--------+--------+--------+-----+--------+

Top non-repeatable levels by time:
     D:1: 1186 daAuts
     D:2: 976 daAuts
     D:4: 882 daAuts
     D:3: 706 daAuts
     D:5: 105 daAuts
